Map: Newkirk Precinct TE (Void)

Players

Lambo - Winner!

  • Race: Zerg Zerg
  • Spawn Location: 5:00

SpeCial

  • Race: Terran Terran
  • Spawn Location: 7:00

Event: WCS Austin 2017

VOD

Have the link to the VOD?

Description

Time

  • Played on: April 28, 2017, 8:04 p.m.
  • Length: 11:46

All games in this series

Show
View Real Time Build Order
Export as new Build Order

Lambo Zerg - Winner!

Build Orders: Hatch First, Muta Ling Bane 

Get SALT Encoding   

  12  0:00  Drone  
  13  0:12  Overlord  
  13  0:17  Drone  
  14  0:30  Drone x2  
  14  0:34  Drone  
  17  0:53  Hatchery  
  17  0:55  Drone  
  17  0:59  Drone  
  18  1:09  Extractor  
  17  1:14  Spawning Pool  
  17  1:16  Drone  
  17  1:20  Drone  
  18  1:29  Drone  
  19  1:39  Overlord  
  19  1:49  Drone  
  20  2:00  Queen  
  22  2:02  Zergling x2  
  22  2:04  Queen  
  22  2:06  Zergling x2  
  26  2:20  Hatchery  
  25  2:23  Drone  
  25  2:26  Drone  
  27  2:31  Metabolic Boost  
  27  2:35  Drone  
  28  2:38  Drone  
  29  2:46  Drone x2  
  31  2:58  Queen  
  30  3:00  Overlord  
  30  3:02  Drone x2  
  34  3:13  Drone, Overlord  
  34  3:19  Drone x4  
  40  3:20  Drone  
  40  3:24  Drone  
  40  3:25  Drone  
  42  3:33  Queen  
  42  3:39  Queen  
  46  3:42  Zergling x6  
  46  3:48  Drone x2  
  51  3:50  Zergling x2  
  51  3:51  Drone x3  
  51  3:55  Drone x2  
  57  4:01  Lair  
  57  4:03  Overlord  
  57  4:11  Spore Crawler  
  56  4:18  Overlord x2, Extractor x2  
  56  4:19  Overlord  
  54  4:26  Zergling x2  
  54  4:27  Zergling x6  
  54  4:29  Zergling x2  
  54  4:30  Zergling x4  
  58  4:36  Drone x3  
  59  4:38  Drone x2  
  59  4:44  Drone  
  60  4:48  Drone x4  
  64  4:54  Drone x2  
  64  4:55  Extractor  
  64  4:58  Drone x3  
  68  5:06  Drone x3  
  71  5:08  Spire  
  71  5:12  Overlord  
  67  5:16  Drone  
  67  5:21  Drone, Overlord  
  68  5:22  Drone x2  
  68  5:25  Drone x2  
  68  5:27  Overlord  
  73  5:29  Drone  
  73  5:34  Drone, Evolution Chamber  
  73  5:35  Evolution Chamber  
  73  5:37  Drone x2  
  73  5:38  Drone  
  73  5:41  Drone x3  
  79  5:44  Drone x2  
  79  5:47  Extractor  
  79  5:49  Extractor  
  80  5:50  Drone x3  
  82  5:59  Drone x5  
  82  6:03  Drone x2, Zerg Melee Weapons Level 1  
  89  6:05  Zerg Ground Armor Level 1  
  89  6:14  Hatchery  
  89  6:18  Baneling Nest  
  87  6:27  Mutalisk x5, Zerg Flyer Weapons Level 1  
  87  6:30  Overlord, Overseer  
  97  6:38  Mutalisk  
  97  6:39  Zergling x2  
  100  6:40  Zergling x10  
  105  6:48  Overlord  
  105  6:49  Overlord  
  105  6:50  Mutalisk x2  
  105  6:53  Overseer  
  109  6:55  Pneumatized Carapace  
  109  6:57  Drone x5  
  109  7:00  Overlord  
  114  7:06  Centrifical Hooks  
  114  7:07  Overlord  
  114  7:15  Overlord  
  114  7:16  Zergling x2  
  114  7:17  Zergling x10  
  114  7:18  Overseer, Baneling x3  
  120  7:25  Zergling x2  
  120  7:26  Zergling x10  
  120  7:28  Baneling x4  
  126  7:30  Zergling x8  
  126  7:32  Baneling x7  
  126  7:34  Zergling x4  
  132  7:37  Zergling x2, Baneling x4  
  132  7:38  Zergling x2  
  132  7:40  Zergling x4  
  132  7:41  Zergling x2  
  127  7:58  Zergling x10  
  127  7:59  Zergling x4  
  127  8:00  Zerg Ground Armor Level 2, Zerg Melee Weapons Level 2  
  127  8:02  Queen  
  135  8:08  Mutalisk  
  137  8:13  Drone x6  
  143  8:24  Hatchery  
  142  8:27  Baneling  
  142  8:28  Baneling x5  
  142  8:30  Overlord  
  142  8:31  Queen  
  143  8:40  Mutalisk x4, Extractor  
  137  8:53  Zergling x6  
  130  8:58  Zergling x2  
  130  8:59  Zergling x16  
  137  9:03  Hatchery  
  137  9:04  Zergling x12  
  137  9:05  Zergling x2  
  143  9:14  Mutalisk x4  
  151  9:19  Zerg Flyer Armor Level 1  
  151  9:21  Overlord  
  151  9:27  Overlord  
  151  9:32  Overlord  
  151  9:36  Baneling x6  
  151  9:38  Zergling x14  
  152  9:41  Queen  
  152  9:44  Zergling x12  
  152  9:45  Overlord  
  165  9:53  Mutalisk x2  
  165  9:54  Mutalisk x2  
  173  10:02  Overlord  
  173  10:04  Mutalisk x3  
  173  10:05  Mutalisk  
  173  10:15  Zergling x20  
  173  10:16  Zergling x4  
  173  10:18  Baneling  
  173  10:19  Baneling x10  
  185  10:22  Zergling x2  
  185  10:23  Zergling x10  
  185  10:27  Infestation Pit  
  181  10:29  Zergling x18  
  181  10:32  Baneling x3  
  190  10:37  Zergling x2  
  190  10:38  Zergling x8  
  184  10:44  Zergling x10  
  184  10:49  Zergling x2  
  169  10:50  Zergling x2  
  169  10:52  Zergling x2  
  169  10:56  Zergling x2  
  169  10:57  Zergling x8  
  150  11:06  Zergling x10  
  150  11:11  Mutalisk x6  
  151  11:15  Baneling x2  
  151  11:16  Baneling x5  
  163  11:21  Baneling x2  
  163  11:22  Zergling x2, Baneling x2  
  163  11:23  Zergling x10  
  163  11:24  Baneling  
  163  11:25  Baneling  
  169  11:28  Overseer  
Show
View Real Time Build Order
Export as new Build Order

SpeCial Terran 

Build Orders: MMM Bio 

Get SALT Encoding   

  12  0:00  SCV  
  13  0:12  SCV  
  14  0:17  Supply Depot  
  14  0:25  SCV  
  15  0:30  Refinery  
  15  0:39  SCV  
  16  0:45  Barracks  
  16  0:51  SCV  
  17  1:03  SCV  
  18  1:15  SCV  
  20  1:34  Reaper, Orbital Command  
  20  1:44  Command Center  
  20  1:56  Factory  
  20  2:00  SCV  
  21  2:09  Supply Depot, Barracks Reactor  
  21  2:12  SCV  
  22  2:17  Refinery  
  22  2:24  SCV  
  23  2:36  SCV  
  24  2:43  Starport  
  24  2:48  SCV  
  25  2:54  Hellion x2, Marine  
  30  3:00  SCV  
  30  3:01  Orbital Command  
  31  3:18  Hellion x2  
  31  3:19  SCV  
  36  3:20  Medivac  
  36  3:24  Barracks Tech Lab  
  38  3:27  SCV  
  38  3:31  Supply Depot  
  40  3:34  SCV  
  40  3:39  SCV  
  41  3:43  Bunker  
  41  3:46  SCV  
  42  3:54  SCV  
  42  3:55  Supply Depot, Marine x2  
  43  3:58  SCV  
  43  3:59  Raven  
  48  4:06  SCV  
  49  4:10  SCV  
  49  4:13  Marine x2  
  51  4:18  SCV  
  51  4:22  SCV  
  51  4:23  Command Center  
  53  4:31  Marine x2  
  53  4:38  SCV x2  
  51  4:41  Factory Tech Lab  
  51  4:43  Raven  
  51  4:49  Marine x2  
  51  4:51  Supply Depot, Engineering Bay  
  51  4:53  Engineering Bay, SCV x2  
  53  5:00  Siege Tank  
  53  5:05  SCV x2  
  58  5:14  Supply Depot  
  58  5:17  Terran Infantry Weapons Level 1, SCV  
  58  5:19  Barracks  
  58  5:20  Barracks, SCV  
  60  5:22  Refinery  
  60  5:23  Refinery  
  60  5:29  SCV  
  60  5:33  SCV  
  60  5:35  Terran Infantry Armor Level 1, Orbital Command  
  62  5:38  Marine  
  62  5:41  SCV  
  64  5:44  Stimpack  
  64  5:45  Barracks  
  64  5:47  SCV  
  65  5:51  Barracks  
  65  5:52  Starport Reactor  
  65  5:53  SCV  
  66  6:00  SCV x2  
  66  6:04  Marine  
  67  6:05  SCV  
  67  6:10  Supply Depot  
  68  6:13  Factory Reactor  
  68  6:16  SCV  
  68  6:17  SCV  
  70  6:18  Combat Shields, Marine  
  71  6:29  Marine, Orbital Command  
  71  6:31  Marine x2  
  74  6:33  Medivac x2  
  74  6:35  Barracks Reactor  
  74  6:36  Marine  
  74  6:38  SCV x2  
  81  6:40  Barracks Reactor  
  81  6:45  Supply Depot  
  81  6:46  Barracks x2  
  81  6:50  SCV  
  81  6:51  Marine x2, SCV  
  85  6:55  Factory Tech Lab, SCV  
  85  6:56  Marine x3  
  85  6:57  Marine  
  90  7:03  SCV x2  
  90  7:06  Supply Depot x2  
  90  7:07  Supply Depot, Medivac, SCV  
  95  7:08  Marine  
  95  7:09  Marine  
  95  7:12  Medivac  
  95  7:14  Marine x3  
  95  7:15  Marine, SCV  
  104  7:18  Armory  
  104  7:22  Missile Turret, Marine  
  103  7:26  Missile Turret, Marine x2  
  103  7:28  Missile Turret, Marine  
  100  7:31  Marine  
  100  7:36  SCV x2  
  102  7:41  Marine  
  102  7:44  Barracks Reactor  
  105  7:50  SCV x3  
  106  7:55  Barracks Reactor  
  102  8:00  Medivac  
  102  8:01  Medivac  
  102  8:02  SCV x2  
  102  8:05  Supply Depot, Missile Turret  
  108  8:10  Marauder, Marine x6  
  108  8:12  Concussive Shells  
  116  8:17  Terran Infantry Weapons Level 2  
  116  8:28  Marine x2, Terran Infantry Armor Level 2  
  116  8:38  Marine x2  
  116  8:39  Widow Mine x2  
  98  8:49  Marauder  
  98  8:52  Marine  
  77  8:55  SCV x2  
  77  8:56  SCV  
  77  8:57  Marine x4  
  77  8:58  Marine x2  
  84  9:03  Marine x3  
  84  9:06  Medivac  
  84  9:07  SCV  
  84  9:08  Widow Mine x2, SCV x2  
  96  9:11  Medivac, Marine  
  99  9:18  Marine  
  99  9:19  Marine, SCV  
  99  9:20  Marine, SCV x2  
  105  9:27  Marine x2  
  107  9:32  Marine x3, SCV x3  
  107  9:33  Marine x2  
  107  9:36  Marine x3  
  118  9:41  Missile Turret  
  118  9:44  SCV x3  
  121  9:47  Marine x3  
  121  9:50  Marine x2  
  126  9:56  SCV x3  
  126  9:57  Widow Mine x2  
  133  10:01  Marine x2  
  133  10:02  Marine x2  
  137  10:09  Marine  
  137  10:10  Marine  
  130  10:14  SCV  
  130  10:18  Refinery  
  130  10:19  Command Center  
  130  10:20  Factory, Marine x5  
  130  10:21  Marine  
  136  10:23  Marine  
  136  10:24  Marine  
  136  10:29  Marauder, Marine x2  
  136  10:32  Supply Depot  
  140  10:37  Marine  
  140  10:39  Marine  
  140  10:40  Marine  
  140  10:42  Medivac  
  140  10:43  Marine x2  
  140  10:49  Widow Mine x2, Marine x2  
  128  10:53  Marine  
  128  10:56  Marine  
  93  10:59  Marine x2  
  85  11:05  Marine x2  
  85  11:07  Marine x2  
  81  11:12  Marine x4  
  81  11:14  Medivac x2  
  91  11:19  SCV  
  91  11:22  Marine x4  
Tags
 
Add a new tag
Caveats
  • Supply blocks, unpowered buildings, or Contaminate may cause inaccurate times.
  • Supply counts are checked every 10 seconds.